 Dungeon Crawl Stone Soup version 0.21.1-1-g345015f (webtiles) character file.

2 shakethe the Covered (level 1, 0/19 HPs)
             Began as a Barachi Fighter on Feb 23, 2018.
             Slain by a bat (1 damage)
             ... on level 1 of the Dungeon.
             The game lasted 00:00:09 (17 turns).

shakethe the Covered (Barachi Fighter)                Turns: 17, Time: 00:00:10

Health: 0/19       AC:  6    Str: 17    XL:     1   Next: 40%
Magic:  1/1        EV:  7    Int:  8    God:
Gold:   0          SH:  9    Dex: 11    Spells: 0/0 levels left

rFire    . . .     SeeInvis .   a - +0 long sword
rCold    . . .     Gourm    .   c - +0 shield
rNeg     . . .     Faith    .   b - +0 scale mail
rPois    .         Spirit   .   (no helmet)
rElec    .         Reflect  .   (no cloak)
rCorr    .         Harm     .   (no gloves)
MR       .....                  (no boots)
Stlth    ..........             (no amulet)
HPRegen  0.06/turn              (no ring)
MPRegen  0.07/turn              (no ring)

@: slow
A: +LOS, swims, slowness 1, strong legs 1
a: Hop


You were on level 1 of the Dungeon.
You were not hungry.

You visited 1 branch of the dungeon, and saw 1 of its levels.

Inventory:

Hand Weapons
 a - a +0 long sword (weapon)
Armour
 b - a +0 scale mail (worn)
 c - a +0 shield (worn)
Potions
 d - a potion of might
Comestibles
 f - a ration


   Skills:
 + Level 3.6 Fighting
 + Level 2.5 Long Blades
 + Level 3.6 Armour
 + Level 3.3 Shields


You couldn't memorise any spells.
You didn't know any spells.

Dungeon Overview and Level Annotations

Branches:
Dungeon (1/15)

Altars:


Innate Abilities, Weirdness & Mutations

Shadows flee at your approach. (+LOS)
You can swim through water.
You cover ground slowly.
You can hop short distances.


Message History

Welcome, shakethe the Barachi Fighter.
Will you be the one to retrieve the fabulous Orb of Zot from the depths?
Found a whip, a scroll labeled HYVVUTS ATHRE, a cloak and 26 gold pieces.
Found two stairs.
A bat and a hobgoblin come into view.
The hobgoblin shouts!
You hear a bark!
There are monsters nearby!
Unknown command.
There are monsters nearby!
The bat hits you but does no damage.
You closely miss the bat. The bat hits you.
You take 1 damage, and have 17/18 hp.
A frilled lizard, a leopard gecko and a rat come into view.
The frilled lizard hisses angrily.
You block the bat's attack.
The rat moves out of view.
The frilled lizard moves out of view.
You barely miss the bat. The bat hits you but does no damage.
A leopard gecko comes into view.
The leopard gecko hisses angrily.
You block the bat's attack.
You hit the bat. You block the bat's attack.
You block the frilled lizard's attack.
You miss the frilled lizard. The bat hits you but does no damage.
You block the frilled lizard's attack. You block the bat's attack.
The leopard gecko closely misses you.
You riposte.
You slash the leopard gecko!
You kill the leopard gecko!
The frilled lizard bites you.
You slash the bat!
You kill the bat!
You block the hobgoblin's attack.
The frilled lizard bites you but does no damage.
The rat bites you but does no damage.
You miss the leopard gecko. The hobgoblin barely misses you.
The frilled lizard bites you but does no damage.
You block the leopard gecko's attack. The rat bites you.
You hit the leopard gecko.
The leopard gecko bites you but does no damage.
The frilled lizard barely misses you.
You riposte.
You completely miss the frilled lizard. You block the hobgoblin's attack.
The rat bites you.
The leopard gecko bites you but does no damage.
The frilled lizard bites you. The hobgoblin hits you with a club.
The rat bites you but does no damage.
You are too injured to fight recklessly!
You are too injured to fight recklessly!
You take 8 damage, and have 9/19 hp.
MASSIVE DAMAGE!!
You are too injured to fight recklessly!
Unknown command.
The leopard gecko bites you.
You take 3 damage, and have 6/19 hp.
The rat closely misses you. The leopard gecko bites you.
* * * LOW HITPOINT WARNING * * *
You take 1 damage, and have 5/19 hp.
The frilled lizard hisses.
You barely miss the leopard gecko. The leopard gecko bites you.
* * * LOW HITPOINT WARNING * * *
The leopard gecko bites you but does no damage.
You take 4 damage, and have 1/19 hp.
MASSIVE DAMAGE!!
A bat comes into view.
The bat hits you but does no damage. x2; You block the leopard gecko's attack.
You hit the leopard gecko but do no damage.
The bat hits you but does no damage. The bat hits you.
You die...

#.#..#.#.......
#.#..#.........
##..............
#..≈§§§........≈
#.≈≈§§§≈....).≈≈
##.≈≈><§≈......≈≈
#..§≈≈≈.≈......≈≈
#...≈≈≈≈..####..
#[.@llr?.##
#.b###g..# #..
#.†..# #..
#.....#
##........$.
####.........
#.........#
#?........#
#..)......#


You could see a leopard gecko, a hobgoblin, a bat, a frilled lizard and a rat.

Vanquished Creatures
  A leopard gecko (D:1)
  A bat (D:1)
2 creatures vanquished.

Notes
Turn   | Place    | Note
-------+----------+-------------------------------------------
     0 | D:1      | shakethe the Barachi Fighter began the quest for the Orb.
     0 | D:1      | Reached XP level 1. HP: 18/18 MP: 1/1
    15 | D:1      | HP: 1/19 [leopard gecko (4)]
    17 | D:1      | Slain by a bat

Action                   || total
-------------------------++-------
Melee: Long sword        ||     9
Armor: Scale mail        ||    13
Dodge: Dodged            ||     4
Block: Shield            ||    10
       Rpst.: Long sword ||     2

Vault maps used:
D:1:      dpeg_arrival_pits

Table legend:
 A = Turns spent in this place as a percentage of turns spent in the entire game.
 B = Non-inter-level travel turns spent in this place as a percentage of non-inter-level travel turns spent in the entire game.
 C = Inter-level travel turns spent in this place as a percentage of turns spent in this place.
 D = Turns resting spent in this place as a percentage of non-inter-level travel turns spent in this place.
 E = Turns spent auto-exploring this place as a percentage of non-inter-level travel turns spent in this place.
 F = Non-inter-level travel turns spent in this place divided by the number of levels of this place that you've seen.
                   A       B       C       D       E      F
               +-------+-------+-------+-------+-------+----------------------
         Total | 100.0 | 100.0 |   0.0 |   0.0 |   0.0 |  17.0
       Dungeon | 100.0 | 100.0 |   0.0 |   0.0 |   0.0 |  17.0
               +-------+-------+-------+-------+-------+----------------------

Table legend:
 A = Kills in this place as a percentage of kills in entire the game.
 B = Kills by you in this place as a percentage of kills by you in the entire game.
 C = Kills by friends in this place as a percentage of kills by friends in the entire game.
 D = Other kills in this place as a percentage of other kills in the entire game.
 E = Experience gained in this place as a percentage of experience gained in the entire game.
 F = Experience gained in this place divided by the number of levels of this place that you have seen.
                   A       B       C       D       E      F
               +-------+-------+-------+-------+-------+----------------------
         Total | 100.0 | 100.0 |   N/A |   N/A | 100.0 |   4.0
       Dungeon | 100.0 | 100.0 |   N/A |   N/A | 100.0 |   4.0
               +-------+-------+-------+-------+-------+----------------------
